 Dungeon Crawl Stone Soup version 0.20-a0-495-g2241292 (webtiles) character file.

19 Duskembrace the Vexing (level 2, 0/19 HPs)
             Began as a Vampire Enchanter on Jan 18, 2017.
             Slain by an adder (4 damage)
             ... on level 3 of the Dungeon.
             The game lasted 00:01:56 (1025 turns).

Duskembrace the Vexing (Vampire Enchanter)          Turns: 1025, Time: 00:01:56

Health: 0/19       AC:  3    Str:  7    XL:     2   Next: 55%
Magic:  4/6        EV: 12    Int: 17    God:
Gold:   103        SH:  0    Dex: 14    Spells: 4/7 levels left

rFire    . . .     SeeInvis +   g - +1 short sword (venom)
rCold    . . .     Gourm    .   b - +0 robe
rNeg     + . .     Faith    +   (no shield)
rPois    .         Spirit   .   f - +0 helmet
rElec    .         Reflect  .   (no cloak)
rCorr    .         Harm     .   (no gloves)
MR       .....                  (no boots)
Stlth    +++.......             k - amulet of faith
Regen    0.1/turn               (no ring)
                                (no ring)

@: lethally poisoned (0 -> -2), very slightly contaminated
A: fangs 3, see invisible, unbreathing
a: no special abilities


You were on level 3 of the Dungeon.
You were not thirsty.

You visited 1 branch of the dungeon, and saw 3 of its levels.

You collected 103 gold pieces.

Inventory:

Hand Weapons
 a - a +1 dagger
 g - a +1 short sword of venom (weapon)
Armour
 b - a +0 robe (worn)
 f - a +0 helmet (worn)
Jewellery
 k - an amulet of faith (around neck)
Scrolls
 e - 2 scrolls of identify {unknown}
 i - a scroll of amnesia {unknown}
 j - 2 scrolls of noise {unknown}
Potions
 d - 5 potions of blood
 h - 2 potions of haste {unknown}
Books
 c - a book of Maledictions

   Spells                             Type                      Level
   a - Corona                         Hexes                        1
   b - Ensorcelled Hibernation        Hexes/Ice                    2
   c - Confuse                        Hexes                        3
   d - Tukima's Dance                 Hexes                        3
   e - Dazzling Spray                 Conjuration/Hexes            3


   Skills:
 + Level 1.2 Short Blades
 - Level 2.1 Dodging
 - Level 4.4 Stealth
 - Level 3.0 Spellcasting
 - Level 4.4 Hexes


You had 4 spell levels left.
You knew the following spells:

 Your Spells              Type           Power        Failure   Level  Hunger
a - Corona                Hex            ###....      2%          1    None
b - Ensorcelled Hibernat  Hex/Ice        ##....       14%         2    ##.....


Dungeon Overview and Level Annotations

Branches:
Dungeon (2/15)

Altars:


Innate Abilities, Weirdness & Mutations

You have razor-sharp teeth.
You have supernaturally acute eyesight. (SInv)
You can survive without breathing.


Message History

The adder barely misses you.
You closely miss the adder. The adder closely misses you.
You closely miss the adder. The adder misses you. The adder bites you.
You are poisoned.
The adder poisons you!
You barely miss the adder.
You feel sick. The adder bites you.
You miss the adder. The adder bites you.
You barely miss the adder. Your bite misses the adder.
You feel sick. The adder barely misses you. The adder misses you.
You barely miss the adder. The adder bites you.
You barely miss the adder. The adder bites you.
* * * LOW HITPOINT WARNING * * *
Cast which spell? (? or * to list)
Aiming: Ensorcelled Hibernation
Press: ? - help, Shift-Dir - straight line, f - adder
Aim: an adder (chance to defeat MR: 50%)
You miscast Ensorcelled Hibernation.
You are very lightly contaminated with residual magic.
Frost spreads across the the floor.
You feel sick. The adder bites you.
You die...

...# #. ####..... ...#
>#.... #..... ...#
########.#...# ####.....
...# .............#
#........ .............#
#........ ........>....#
#........ .............#
#........ ......S)....#
#........ .......@....#
#........ ............#
#......## ............#
#......# ............#
#......##
.$..........####........
..[....................#
################.......#
##.####.# #.......#


You could see an adder.

Vanquished Creatures
  A leopard gecko (D:3)
  3 goblins
  4 hobgoblins
  5 kobolds
  A bat (D:1)
  2 rats (D:3)
16 creatures vanquished.

Notes
Turn   | Place    | Note
-------+----------+-------------------------------------------
     0 | D:1      | Duskembrace the Vampire Enchanter began the quest for the Orb.
     0 | D:1      | Reached XP level 1. HP: 13/13 MP: 3/3
   395 | D:1      | Reached XP level 2. HP: 19/19 MP: 5/5
   625 | D:1      | Learned a level 2 spell: Ensorcelled Hibernation
   656 | D:2      | You fall through a shaft!
  1025 | D:3      | Slain by an adder

Vault maps used:
D:1:      eino_arrival_water_cross
D:2:      lemuel_crystal_altar, fiery_altar_vehumet, minmay_hexomino_r4,
          uniq_iyjb, uniq_natasha
D:3:      first_bread, minmay_misc_feat_roman

Skill      XL: |  1  2 |
---------------+-------+-----
Spellcasting   | 3 |  3.0
Short Blades   | |  1.2
Dodging        | |  2.1
Stealth        | |  4.4
Hexes          | |  4.4

Action                   || total
-------------------------++-------
Melee: Short sword       ||    35
       Dagger            ||     1
       Bite              ||     2
 Stab: Sleeping          ||     9
Armor: Robe              ||     3
Dodge: Dodged            ||    19
